[Event "Slovakia Open 2022"]
[Site "Bratislava"]
[Date "2022.09.30"]
[Round "2.31"]
[White "Shykhnenko, Hryhorii"]
[Black "Pekar, Matus"]
[Result "1-0"]
[ECO "B07"]
[WhiteElo "1317"]
[BlackElo "1679"]
[Annotator "NA RC COMBH"]
[PlyCount "72"]
[EventDate "2022.09.30"]
[EventCountry "SVK"]
[SourceTitle "playchess.com"]
[Source "ChessBase"]
[SourceQuality "1"]
[TimeControl "2700+10"]

1. e4 d6 2. d4 Nf6 3. Nc3 g6 4. Bf4 a6 5. g3 Nc6 6. Nge2 Bg7 7. Bg2 O-O 8. d5 Nb8 9. Qd2 Nbd7 10. Bh6 Ne5 11. O-O-O Nc4 12. Qg5 c5 13. h4 Bxh6 14. Qxh6 Ng4 15. Qf4 h5 16. Bh3 Nce5 17. Rdf1 b5 18. Bxg4 Bxg4 19. f3 Bd7 20. Rfg1 b4 21. Nd1 Qa5 22. Kb1 c4 23. Nd4 Qc5 24. Qe3 Kg7 25. Nf2 Nxf3 26. Nf5+ Bxf5 27. Qxf3 Bd7 28. g4 hxg4 29. Nxg4 f5 30. Nf2 fxe4 31. Rxg6+ Kxg6 32. Rg1+ Kh6 33. Ng4+ Kh7 34. Nf6+ Rxf6 35. Qh5+ Rh6 36. Qf7+ Kh8 1-0

[Event "Slovakia Open 2022"]
[Site "Bratislava"]
[Date "2022.09.30"]
[Round "2.32"]
[White "Melih, Mario"]
[Black "Nosal, Tobias"]
[Result "1-0"]
[ECO "B33"]
[WhiteElo "1633"]
[BlackElo "1601"]
[Annotator "NA RC COMBH"]
[PlyCount "115"]
[EventDate "2022.09.30"]
[EventCountry "SVK"]
[SourceTitle "playchess.com"]
[Source "ChessBase"]
[SourceQuality "1"]
[TimeControl "2700+10"]

1. e4 c5 2. Nf3 Nc6 3. d4 cxd4 4. Nxd4 Nf6 5. Nc3 e5 6. Ndb5 d6 7. Bg5 a6 8. Na3 b5 9. Nd5 Be7 10. Bxf6 Bxf6 11. c4 b4 12. Nc2 O-O 13. Ncxb4 Nxb4 14. Nxb4 Qb6 15. Qd2 Rb8 16. a3 a5 17. Nd3 Ba6 18. Rc1 Rfc8 19. b4 Bxc4 20. bxa5 Qb3 21. Be2 h6 22. g3 Bg5 23. f4 exf4 24. gxf4 Bh4+ 25. Nf2 Bxe2 26. Kxe2 Qxa3 27. Ra1 Qb2 28. Nd3 Qd4 29. Qe3 Rc2+ 30. Kf3 Qc4 31. a6 Ra8 32. a7 Qc7 33. Rhb1 Rc3 34. Kg4 Bf6 35. Qb6 Qxb6 36. Rxb6 Rcc8 37. Raa6 Be7 38. Nb4 Kh7 39. Nd5 Bf8 40. Rb7 Kg8 41. Nb6 Rxa7 42. Raxa7 Rc1 43. Rxf7 Rg1+ 44. Kf3 Rf1+ 45. Ke2 Rb1 46. Nd5 Rb2+ 47. Kf3 Rxh2 48. Rfd7 Rh3+ 49. Kg4 Rh1 50. Ra8 Rg1+ 51. Kf3 Rf1+ 52. Ke2 Rg1 53. Rdd8 Kh7 54. Rxf8 Rg2+ 55. Kf3 Rg1 56. f5 Rg3+ 57. Kxg3 g6 58. Ra7# 1-0

[Event "Slovakia Open 2022"]
[Site "Bratislava"]
[Date "2022.09.30"]
[Round "2.33"]
[White "Matejka, Simon"]
[Black "Kukan, Michal"]
[Result "0-1"]
[ECO "C29"]
[WhiteElo "1422"]
[BlackElo "1767"]
[Annotator "NA RC COMBH"]
[PlyCount "134"]
[EventDate "2022.09.30"]
[EventCountry "SVK"]
[SourceTitle "playchess.com"]
[Source "ChessBase"]
[SourceQuality "1"]
[TimeControl "2700+10"]

1. e4 e5 2. Nc3 Nf6 3. f4 Nc6 4. fxe5 Nxe5 5. d4 Ng6 6. Nf3 Bb4 7. Bd3 O-O 8. O-O b6 9. Bg5 Be7 10. e5 Ne8 11. Bxe7 Qxe7 12. Nd5 Qd8 13. Qd2 Bb7 14. Ne3 d6 15. Rad1 dxe5 16. dxe5 Qe7 17. Nf5 Qc5+ 18. Kh1 Nxe5 19. Nxe5 Qxe5 20. Qg5 Kh8 21. Qh4 Qf6 22. Qh3 Bc8 23. Qf3 Rb8 24. Qe4 Qg6 25. Qe7 Kg8 26. Qe4 Bxf5 27. Qxf5 Qxf5 28. Rxf5 Nd6 29. Rh5 g6 30. Re5 Rfe8 31. Rde1 Kf8 32. Kg1 Rxe5 33. Rxe5 Re8 34. Rd5 f6 35. Kf2 Ke7 36. c4 Ke6 37. Rd4 Ke5 38. Rh4 Re7 39. b4 Rd7 40. Ke2 c5 41. b5 f5 42. Ke3 Ne8 43. g3 Nf6 44. h3 Nh5 45. g4 f4+ 46. Kd2 Ng3 47. g5 Ne4+ 48. Ke2 Nxg5 49. Rg4 Nxh3 50. Rh4 Ng5 51. Rg4 f3+ 52. Kd2 h6 53. Ke3 Rd4 54. Rg1 f2 55. Rf1 Nh3 56. Rh1 g5 57. Be2 Re4+ 58. Kd3 g4 59. Kd2 Kf4 60. a4 Rd4+ 61. Kc3 h5 62. a5 Ke3 63. Bf1 Nf4 64. axb6 axb6 65. Rh4 Rd1 66. Rh1 Rxf1 67. Rxf1 Ke2 0-1

[Event "Slovakia Open 2022"]
[Site "Bratislava"]
[Date "2022.09.30"]
[Round "2.34"]
[White "Tomcikova, Zuzana"]
[Black "Kluckova, Alzbeta"]
[Result "1-0"]
[ECO "C54"]
[WhiteElo "1796"]
[BlackElo "1097"]
[Annotator "NA RC COMBH"]
[PlyCount "96"]
[EventDate "2022.09.30"]
[EventCountry "SVK"]
[SourceTitle "playchess.com"]
[Source "ChessBase"]
[SourceQuality "1"]
[TimeControl "2700+10"]

1. e4 e5 2. Nf3 Nc6 3. Bc4 Bc5 4. c3 Nf6 5. d3 O-O 6. O-O d5 7. exd5 Nxd5 8. Re1 f6 9. b4 Bb6 10. Qb3 Nce7 11. Nbd2 c6 12. Ne4 Bc7 13. a4 b6 14. b5 c5 15. d4 Bb7 16. dxc5 bxc5 17. Nxc5 Qc8 18. Nxb7 Qxb7 19. Ba3 Kh8 20. Bxd5 Qxd5 21. Qxd5 Nxd5 22. Bxf8 Rxf8 23. c4 Nb4 24. Rad1 Bb6 25. Re2 h6 26. Rb2 Ba5 27. c5 e4 28. Nh4 Kh7 29. Rd7 Nd3 30. Rb1 Nxc5 31. Rxa7 Bb6 32. Re7 Nxa4 33. Nf5 Rg8 34. Rd1 Kg6 35. g4 Nc3 36. Rdd7 Kg5 37. Rxg7+ Rxg7 38. Rxg7+ Kf4 39. Nxh6 Kf3 40. Rf7 Bxf2+ 41. Kh1 Nxb5 42. Rxf6+ Ke2 43. Re6 e3 44. g5 Nd4 45. Re8 Nf3 46. g6 Nd2 47. g7 Kd3 48. g8=Q Ne4 1-0

[Event "Slovakia Open 2022"]
[Site "Bratislava"]
[Date "2022.09.30"]
[Round "2.35"]
[White "Nedoba, Jakub"]
[Black "Slivka, Vasil"]
[Result "0-1"]
[ECO "B07"]
[WhiteElo "1160"]
[BlackElo "1569"]
[Annotator "NA RC COMBH"]
[PlyCount "98"]
[EventDate "2022.09.30"]
[EventCountry "SVK"]
[SourceTitle "playchess.com"]
[Source "ChessBase"]
[SourceQuality "1"]
[TimeControl "2700+10"]

1. d4 Nf6 2. Bf4 g6 3. Nc3 d6 4. e4 Bg7 5. Qd2 b6 6. O-O-O Bb7 7. Re1 Nbd7 8. Bh6 O-O 9. Bxg7 Kxg7 10. h4 h5 11. f3 e5 12. d5 a5 13. Be2 Nc5 14. g4 Ba6 15. gxh5 Nxh5 16. Bxa6 Nxa6 17. Nge2 Rh8 18. Reg1 Nc5 19. Ng3 Nf4 20. h5 g5 21. Nce2 f6 22. h6+ Kf7 23. Nf5 Rh7 24. Nxf4 exf4 25. Qh2 Qg8 26. Qh5+ Qg6 27. Qxg6+ Kxg6 28. Kd2 Nd7 29. Rh2 Ne5 30. Ke2 a4 31. b3 axb3 32. axb3 Ra2 33. Rc1 b5 34. Rh3 b4 35. Kd2 Ra5 36. Rg1 Rc5 37. Rc1 Rc3 38. Rf1 Rh8 39. Kc1 Kh7 40. Ng7 Ra8 41. Ne6 Ra1+ 42. Kd2 Rxf1 43. Nf8+ Kh8 44. h7 Rfxf3 45. Rh6 Rh3 46. Rxf6 Rh2+ 47. Ke1 Rcxc2 48. Kd1 Rhd2+ 49. Ke1 Nd3+ 0-1

[Event "Slovakia Open 2022"]
[Site "Bratislava"]
[Date "2022.09.30"]
[Round "2.36"]
[White "Babula, Matej"]
[Black "Ruderfer, Mark B"]
[Result "1-0"]
[ECO "B13"]
[WhiteElo "1864"]
[BlackElo "2236"]
[Annotator "TA"]
[PlyCount "56"]
[EventDate "2022.09.30"]
[EventCountry "SVK"]
[SourceTitle "playchess.com"]
[Source "ChessBase"]
[SourceQuality "1"]
[TimeControl "2700+10"]

1. e4 c6 2. d4 d5 3. exd5 cxd5 4. Bd3 Nf6 5. h3 g6 6. Nf3 {[%emt 0:00:22] B13: Caro-Kann: Exchange Variation and Panov-Botvinnik Attack.} Bf5 7. Be2 Bg7 8. c3 {[%emt 0:00:20] [#]} e6 $146 ({Predecessor:} 8... O-O 9. O-O Nc6 10. Re1 Rc8 11. Be3 Ne4 12. Nbd2 Re8 13. Qb3 Na5 14. Qa3 a6 {1-0 (35) Obgolts,E (2404)-Odegov,A (2298) Cheliabinsk 2021}) 9. O-O O-O 10. Bf4 Qb6 (10... Nc6 $11 {feels stronger.}) 11. Qb3 Nc6 12. Nbd2 h6 13. g4 {[%emt 0:06:40] [#] aiming for Qxb6.} Be4 14. Qxb6 axb6 15. Nxe4 Nxe4 (15... dxe4 $11 16. Nd2 Nd5) 16. Bc7 Na5 (16... f5 $11 {remains equal.}) 17. Bxb6 $16 Nc4 18. Bxc4 dxc4 19. Bc7 b5 20. a3 Ra7 21. Bh2 Re8 22. Rad1 Nf6 23. Rfe1 Nd5 24. h4 Rea8 25. Ne5 Ra6 26. f3 (26. Nd7 $16) 26... R8a7 27. Kf2 (27. h5 $5 ) 27... Bf8 28. f4 (28. h5 $14) 28... Kh7 {[%emt 0:11:06][%mdl 32768] Weighted Error Value: White=0.15 (very precise) /Black=0.16 (very precise) . Sensor Board Error (Ke4/e5)?} 1-0

[Event "Slovakia Open 2022"]
[Site "Bratislava"]
[Date "2022.09.30"]
[Round "2.37"]
[White "Certik Peter"]
[Black "Migalko, Dmitriy"]
[Result "0-1"]
[ECO "B30"]
[WhiteElo "1000"]
[BlackElo "1528"]
[Annotator "NA RC COMBH"]
[PlyCount "40"]
[EventDate "2022.09.30"]
[EventCountry "SVK"]
[SourceTitle "playchess.com"]
[Source "ChessBase"]
[SourceQuality "1"]
[TimeControl "2700+10"]

1. e4 c5 2. c3 e6 3. Nf3 Nc6 4. Bc4 d5 5. exd5 exd5 6. Bb5 Nf6 7. d3 Bd6 8. Qe2+ Be6 9. Ng5 O-O 10. O-O Bg4 11. f3 Re8 12. Qc2 Bf5 13. Nd2 c4 14. Bxc6 bxc6 15. Qd1 Bxd3 16. Re1 Bc5+ 17. Kh1 Bc2 18. Rxe8+ Qxe8 19. Qf1 Bd3 20. Qf2 Bxf2 0-1

[Event "Slovakia Open 2022"]
[Site "Bratislava"]
[Date "2022.09.30"]
[Round "2.38"]
[White "Pasti, Zsombor"]
[Black "Hryshko Herman"]
[Result "1-0"]
[ECO "B73"]
[WhiteElo "1884"]
[BlackElo "1000"]
[Annotator "NA COMBH"]
[PlyCount "133"]
[EventDate "2022.09.30"]
[EventCountry "SVK"]
[SourceTitle "playchess.com"]
[Source "ChessBase"]
[SourceQuality "1"]
[TimeControl "2700+10"]

1. e4 c5 2. Nf3 d6 3. d4 cxd4 4. Nxd4 Nf6 5. Nc3 Nc6 6. Be2 g6 7. Be3 Bg7 8. O-O O-O 9. h3 Nd7 10. Qd2 Nxd4 11. Bxd4 f6 12. Nd5 e6 13. Nf4 Bh6 14. Bc4 Bxf4 15. Bxe6+ Kg7 16. Qxf4 Qe7 17. Bd5 Ne5 18. Qe3 Nc6 19. Bc3 Be6 20. Rad1 Rfe8 21. Bxe6 Qxe6 22. Rd3 Rad8 23. Rfd1 b6 24. Qf4 Ne5 25. Bxe5 fxe5 26. Qd2 Qxa2 27. Rxd6 Rxd6 28. Qxd6 Qf7 29. Qc6 Re6 30. Qb5 Re7 31. Rd5 Qf6 32. Kf1 Rf7 33. f3 Qf4 34. Qd3 a6 35. Rd7 Qc1+ 36. Kf2 Qxb2 37. Rxf7+ Kxf7 38. Kg3 a5 39. Kg4 h5+ 40. Kh4 a4 41. Qd7+ Kf6 42. Qxa4 Qc3 43. Kg3 Qc7 44. Qb3 g5 45. Qb2 h4+ 46. Kh2 Qc5 47. Qc1 b5 48. Qd2 Qb6 49. Qb4 Kf7 50. c4 Qc7 51. cxb5 Kf6 52. b6 Qb7 53. Qd6+ Kf7 54. Qc7+ Qxc7 55. bxc7 Ke6 56. c8=Q+ Kd6 57. Qf5 g4 58. hxg4 h3 59. g5 Ke7 60. g6 Ke8 61. g7 Ke7 62. g8=Q Kd6 63. Qfe6+ Kc5 64. Qgc8+ Kd4 65. Qd5+ Ke3 66. Qc1+ Kf2 67. Qdd2# 1-0

[Event "Slovakia Open 2022"]
[Site "Bratislava"]
[Date "2022.09.30"]
[Round "3.1"]
[White "Korobov, Anton"]
[Black "Slovak, Kilian"]
[Result "1-0"]
[ECO "E70"]
[WhiteElo "2671"]
[BlackElo "2278"]
[Annotator "TA"]
[PlyCount "43"]
[EventDate "2022.09.30"]
[EventCountry "SVK"]
[SourceTitle "playchess.com"]
[Source "ChessBase"]
[SourceQuality "1"]
[TimeControl "2700+10"]

1. d4 Nf6 2. c4 g6 3. Nc3 Bg7 4. e4 O-O 5. Bg5 d6 6. Qd2 a6 7. f4 {[%emt 0:03:04] E70: King's Indian: Miscellaneous lines with 4 e4, including 5 Nge2 and 5 Bd3 0-0 6 Nge2.} (7. Rd1 $14) 7... c6 {[%emt 0:03:20] [#]} 8. e5 $146 ({Predecessor:} 8. a4 a5 9. Bd3 Na6 10. Rd1 Nb4 11. Bb1 d5 12. cxd5 cxd5 13. e5 Ne8 14. Nge2 f5 {0-1 (70) Ermenkov,E (2499)-Milchev,N (2315) Sunny Beach 2007}) 8... Ne8 9. Nf3 {[%emt 0:00:18] The position is equal.} b5 10. Be2 Nd7 11. O-O ({Reject} 11. cxb5 $6 axb5 12. Bh4 Nb6 $11) 11... Bb7 ({Black should play} 11... f6 $14 12. Bh4 (12. cxb5 fxg5 13. bxc6 Nb6 $15) 12... Nb6) 12. Rad1 bxc4 13. Bxc4 Nb6 14. Bb3 {[%emt 0:00:13][%cal Of4f5] White has more active pieces.} Nc7 (14... Qd7 $16) 15. exd6 Qxd6 16. Ne4 {[%emt 0:00:03] Prevents c5.} Qd8 17. Qb4 $36 {[%emt 0:01:21][%csl LRb6,LRe7][%mdl 2048] White has strong initiative.} Ncd5 18. Bxd5 {[%emt 0:00:28] [#] Hoping for Bb3.} cxd5 (18... a5 {was necessary.} 19. Qxe7 Qxe7 20. Bxe7 cxd5) 19. Bxe7 $18 a5 20. Qc5 ({Inferior is} 20. Bxd8 axb4 21. Nf6+ Bxf6 22. Bxf6 Rxa2 $11) 20... Qd7 (20... Qe8) 21. Ne5 {[%emt 0:01:15] Pair of Knights!} ({Not} 21. Qxb6 Qxe7 22. Nc5 Bc8 $14) 21... Qc8 22. Bxf8 {[%emt 0:00:33] White took control after the opening.  Weighted Error Value: White=0.13 (very precise) /Black=0.66} 1-0

[Event "Slovakia Open 2022"]
[Site "Bratislava"]
[Date "2022.09.30"]
[Round "3.2"]
[White "Pasti, Aron"]
[Black "Stocek, Jiri"]
[Result "0-1"]
[ECO "B66"]
[WhiteElo "2350"]
[BlackElo "2559"]
[Annotator "TA"]
[PlyCount "62"]
[EventDate "2022.09.30"]
[EventCountry "SVK"]
[SourceTitle "playchess.com"]
[Source "ChessBase"]
[SourceQuality "1"]
[TimeControl "2700+10"]

1. e4 c5 2. Nf3 d6 3. d4 cxd4 4. Nxd4 Nf6 5. Nc3 Nc6 6. Bg5 e6 7. Qd2 a6 8. O-O-O Be7 9. f4 Nxd4 10. Qxd4 b5 11. Bxf6 gxf6 12. f5 Qc7 $1 {[%emt 0:01:17] 12...Qc7 is better than 12...Qa5. B66: Sicilian: Richter-Rauzer: 7...a6 8 0-0-0 h6.} 13. Kb1 Qc5 14. Qd2 Bb7 {[%emt 0:04:12] White is slightly better.} 15. a3 {[%emt 0:02:46] [#]} (15. Bd3 $5 ) 15... Bc6 $146 ({Predecessor:} 15... O-O-O 16. g3 d5 17. exd5 Bxd5 18. Nxd5 Rxd5 19. Bd3 h5 20. Qg2 Kb8 21. Be4 Rd6 {½-½ (51) Greig,G-Knobel,R ICCF corr 1998}) 16. fxe6 fxe6 17. Ne2 Bxe4 18. Nf4 (18. Ng3 $5 f5 19. Bd3 Bxd3 20. Qxd3 $17) 18... Qf5 (18... Qe5 $15) 19. g3 {[%emt 0:04:19][%mdl 1024] [#] Bh3 is the strong threat. White has compensation.} Rc8 (19... Bxh1 $11 20. Bh3 Qe4 21. Nxe6 h5) 20. Bh3 Qe5 (20... Bxc2+ $2 21. Ka1 Qe5 22. Rc1 $18) (20... Qc5 $1 $14) 21. Nd3 (21. Bxe6 $16 Rxc2 22. Qxc2 Bxc2+ 23. Kxc2) 21... Qd5 $11 22. Rhe1 {[%emt 0:01:08][%cal Oe1e4] Threatens to win with Rxe4!} f5 23. Qh6 (23. Nf4 $5 Qe5 24. Rxe4 fxe4 25. Bxe6 $16) 23... Rf8 $1 $36 {[%emt 0:03:35][%mdl 2048] Black is more active.} 24. Rd2 Bf6 25. Ka1 (25. g4 $11 {remains equal.}) 25... Ke7 (25... Rf7 $17 26. Bf1 Bg7) 26. Ree2 $2 {[%emt 0:01:39][%mdl 8192] Now White is beyond hope.} (26. g4 $15) 26... Qd4 $2 {[%emt 0:01:04] Active counter play!} (26... Rc3 {( -> ...Rxa3+)} 27. Kb1 {[#]} (27. bxc3 $2 Qc4 $19) 27... Rxa3 $3 ) 27. c3 (27. Bg2 Rc3 28. Kb1 Rxd3 29. cxd3 Bxd3+ 30. Rxd3 Qxd3+ 31. Rc2) 27... Rxc3 $1 $19 28. Bxf5 Bxf5 {[%emt 0:00:36] This bishop pair is nice. Black mates.} 29. bxc3 Qxc3+ 30. Ka2 Qc4+ 31. Kb1 Qb3+ {[%emt 0:02:29] Weighted Error Value: White=0.84/Black=0.46} 0-1

[Event "Slovakia Open 2022"]
[Site "Bratislava"]
[Date "2022.09.30"]
[Round "3.3"]
[White "Heberla, Bartlomiej"]
[Black "Kostolansky, Sebastian Lukas"]
[Result "1-0"]
[ECO "E06"]
[WhiteElo "2568"]
[BlackElo "2398"]
[Annotator "TA"]
[PlyCount "71"]
[EventDate "2022.09.30"]
[EventCountry "SVK"]
[SourceTitle "playchess.com"]
[Source "ChessBase"]
[SourceQuality "1"]
[TimeControl "2700+10"]

1. d4 Nf6 2. Nf3 e6 3. c4 d5 4. g3 Be7 5. Bg2 O-O 6. Qc2 dxc4 7. Qxc4 a6 8. Qc2 b5 {[%emt 0:04:28] E06: Closed Catalan: Early deviations.} 9. Ne5 Nd5 ({But not} 9... Qxd4 10. Bxa8 Qxe5 11. Bf4 $16) (9... Ra7 $11) 10. O-O Bb7 {[%emt 0:00:22] White is slightly better.} 11. Bd2 {[%emt 0:00:53] [#]} Bf6 $146 ({Predecessor:} 11... Qd6 12. Rc1 c5 13. Qxc5 Qxe5 14. Qxe7 Qxd4 15. Qxb7 Ra7 16. Qc8 Qxb2 17. Bxd5 Qxa1 18. Bb3 Nd7 19. Bb4 {1-0 (19) Commercon,S (2214)-Dudek,R (2240) Germany 2016}) 12. Rc1 {[%emt 0:02:39] White has more active pieces.} (12. e4 $14 Nb6 13. Be3) 12... Bxe5 (12... c5 $5) 13. dxe5 Nc6 $1 14. Nc3 Nxe5 15. Ne4 Nc4 (15... Nd7 $11) 16. Be1 Rc8 17. Nc5 Nde3 $2 {[%emt 0:03:33] This costs Black the game.} 18. Nxb7 $18 Nxc2 19. Nxd8 Nxe1 20. Nc6 {[%emt 0:00:04] [#] aiming for Ne7+.} Nxg2 21. Ne7+ Kh8 22. Nxc8 Rxc8 23. Kxg2 Nxb2 {[%emt 0:00:01][%mdl 4096] Endgame KRR-KRN} 24. Rc6 g6 25. Rxa6 c6 26. Rc1 Nc4 27. Ra7 Kg7 28. a4 {[%emt 0:00:26][%cal Ba2a4,Ba4a5,Ba5a6][%mdl 32] Strongly threatening a5.} Nd6 $2 (28... Kf6 29. Rc3 h5 30. axb5 cxb5 31. Rf3+ Ke5 32. Raxf7 Rb8) 29. Rd1 {[%emt 0:00:51] White is clearly winning.} Nc4 30. Rdd7 Ne5 31. Rdb7 Rf8 32. a5 g5 33. a6 Nc4 34. Rc7 Na5 {[%emt 0:00:03] [#]} 35. Rxf7+ $3 Rxf7 36. Rxf7+ {[%emt 0:00:01] Weighted Error Value: White=0.16 (very precise) /Black=0.47} 1-0

[Event "Slovakia Open 2022"]
[Site "Bratislava"]
[Date "2022.09.30"]
[Round "3.4"]
[White "Rakhmangulova, Anastasiya"]
[Black "Kraus, Tomas"]
[Result "1/2-1/2"]
[ECO "C41"]
[WhiteElo "2244"]
[BlackElo "2479"]
[Annotator "TA"]
[PlyCount "34"]
[EventDate "2022.09.30"]
[EventCountry "SVK"]
[SourceTitle "playchess.com"]
[Source "ChessBase"]
[SourceQuality "1"]
[TimeControl "2700+10"]

1. e4 d6 2. d4 Nf6 3. Nc3 e5 4. Nf3 Nbd7 5. Bc4 Be7 6. a4 O-O 7. O-O a6 {[%emt 0:00:45] C41: Philidor Defence.} 8. a5 b5 {[%emt 0:04:36] The modern move.} 9. axb6 $1 cxb6 {[%emt 0:01:35] White is slightly better.} 10. Qe2 {[%emt 0:00:11] White has more active pieces. The black rooks are badly placed. is the legacy move (10.Re1).} Bb7 11. dxe5 ({Don't play} 11. Bxa6 Nb8 12. Bxb7 Rxa1 $11) (11. Rxa6 $16 Bxa6 12. Bxa6) 11... dxe5 $11 12. Rd1 {[%emt 0:00:27] [#] Hoping for Nxe5.} (12. Bxa6 Nc5 13. Bxb7 (13. Rd1 Qb8 $15) 13... Rxa1 $15) 12... Qc7 $146 ({Predecessor:} 12... b5 13. Bd5 Qc7 14. Bxb7 Qxb7 15. Bg5 Rfe8 16. Bxf6 Nxf6 17. Nd5 Nxd5 18. Rxd5 f6 {1-0 (81) Nakamura,H (2736)-Bortnyk,O (2604) Chess.com INT 2022}) 13. Bg5 ({Much weaker is} 13. Bxa6 Nc5 14. Bxb7 Rxa1 $15) 13... b5 14. Bxf6 Nxf6 15. Bd5 Nxd5 16. Nxd5 Bxd5 17. Rxd5 Bf6 {[%emt 0:00:20] Weighted Error Value: White=0.13 (very precise) /Black=0.13 (very precise)} (17... f6 $11) 1/2-1/2

[Event "Slovakia Open 2022"]
[Site "Bratislava"]
[Date "2022.09.30"]
[Round "3.5"]
[White "Klabis, Rokas"]
[Black "Panko, Radoslav"]
[Result "1-0"]
[ECO "C00"]
[WhiteElo "2396"]
[BlackElo "1996"]
[Annotator "TA"]
[PlyCount "45"]
[EventDate "2022.09.30"]
[EventCountry "SVK"]
[SourceTitle "playchess.com"]
[Source "ChessBase"]
[SourceQuality "1"]
[TimeControl "2700+10"]

1. e4 e6 2. d3 d5 3. Nd2 Nf6 4. Ngf3 b6 5. c3 dxe4 6. dxe4 {[%emt 0:00:01] C00: French: Unusual White 2nd moves.} Bb7 7. Qc2 {[%emt 0:00:02] [#]} a5 $146 ({Predecessor:} 7... Nc6 8. Be2 a5 9. a4 e5 10. O-O Bc5 11. Nc4 Qe7 12. Ne3 g6 13. Nd5 Nxd5 14. exd5 {1-0 (29) Bodnaruk,A (2411)-Vargas,G (2170) Chess.com INT 2020}) 8. Bb5+ {[%emt 0:00:07] White is slightly better.} Nfd7 9. O-O Ba6 10. Bxa6 {[%emt 0:00:17] White is more active.} Nxa6 11. Rd1 Qe7 $2 (11... Qc8 $14) 12. e5 Qc5 13. Qe4 {[%emt 0:00:29] Prevents Qc6.} (13. Nb3 $18 Qc4 14. Nbd4) 13... Qd5 $16 14. Qe2 $36 {[%emt 0:05:48][%mdl 2048] Black is under strong pressure.} Nac5 {[%emt 0:01:03] Against Ne4} 15. Nb3 Qe4 {[%emt 0:02:53] [#]} 16. Be3 $1 c6 $2 (16... Be7 $16) 17. Rd4 $18 Qf5 18. g4 Qg6 19. Nh4 Nxb3 20. axb3 c5 21. Rxd7 {[%emt 0:00:14] [#] Qb5 would kill now.} Qe4 22. Qb5 {[%emt 0:00:10] Intending Rd5+ and mate.} Qxg4+ 23. Ng2 {[%emt 0:00:02] Weighted Error Value: White=0.15 (very precise) /Black=0.73} 1-0

[Event "Slovakia Open 2022"]
[Site "Bratislava"]
[Date "2022.09.30"]
[Round "3.7"]
[White "Mikrut, Dariusz"]
[Black "Nemsak, Denis"]
[Result "1-0"]
[ECO "A81"]
[WhiteElo "2316"]
[BlackElo "2012"]
[Annotator "TA"]
[PlyCount "45"]
[EventDate "2022.09.30"]
[EventCountry "SVK"]
[SourceTitle "playchess.com"]
[Source "ChessBase"]
[SourceQuality "1"]
[TimeControl "2700+10"]

1. d4 f5 2. g3 Nf6 3. Bg2 g6 4. c3 Bg7 5. Qb3 Nc6 6. Nd2 (6. Bg5 {feels hotter.} e6 7. Nh3 O-O 8. Nf4) 6... d5 {[%emt 0:00:12] A81: Dutch Defence: 2 g3.} 7. Nh3 e5 8. dxe5 Nxe5 {[%emt 0:00:01] The position is equal.} 9. Nf4 c6 10. c4 {[%emt 0:00:52][%cal Rc4d5] [#]} dxc4 $146 ({Predecessor:} 10... d4 11. h4 O-O 12. c5+ Rf7 13. Nc4 Nxc4 14. Qxc4 Ng4 15. O-O Qf6 16. Rb1 Bd7 {1-0 (31) Hoang,T (2420)-Boric,E (2235) Bled 2002}) 11. Nxc4 Ne4 12. O-O {[%emt 0:01:00] [#] Threatens to win with Bxe4.} Qe7 (12... Nxc4 $1 $11 13. Qxc4 Qd4) 13. Nxe5 Qxe5 14. Rb1 Nc5 (14... a5 $142) 15. Qc4 $16 {[%emt 0:01:09] Hoping for Rd1.} Be6 16. Nxe6 Nxe6 17. b4 {[%emt 0:03:28] [#] aiming for Bb2.} Ke7 $2 {[%emt 0:04:09] This move loses the game for Black.} (17... Nd4 $16) 18. b5 $18 Rac8 (18... Qc3 $142 19. Qa4 a6) 19. bxc6 {[%emt 0:01:17] White is clearly winning.} bxc6 20. Ba3+ {[%emt 0:01:06] A strong pair of Bishops.} c5 (20... Kf7 $142 21. Rfd1 (21. Bxc6 Rc7 $16) (21. Qb4 Rhd8 $16) 21... Rhd8 22. Rxd8 Rxd8 23. Bxc6 Rd2 24. Rb7+ Kg8) 21. Bb2 Qc7 22. Bxg7 Nxg7 23. Rb7 {[%emt 0:00:01] Weighted Error Value: White=0.32/Black=0.62} 1-0